 Dungeon Crawl Stone Soup version 0.32-a0-361-g289a535e89 (webtiles) character file.

Game seed: 17066648391504602724

94 Ceno the Grasshopper (level 4, -3/34 HPs)
             Began as a Coglin Warper on Feb 19, 2024.
             Splashed by a jelly's acid (8 damage)
             ... on level 3 of the Dungeon.
             The game lasted 00:05:12 (1841 turns).

Ceno the Grasshopper (Coglin Warper)                Turns: 1841, Time: 00:05:14

Health: -3/34      AC: -4    Str: 11    XL:     4   Next: 63%
Magic:  6/6        EV: 11    Int: 12    God:
Gold:   194        SH:  0    Dex: 16    Spells: 2/6 levels left

rFire   + . .        a - +0 falchion {Anan}
rCold   . . .        n - +0 short sword {Sanghe}
rNeg    . . .        b - +0 leather armour
rPois   .            (no helmet)
rElec   .            (no cloak)
rCorr   .            (no gloves)
SInv    .            (no boots)
Will    .....        (no amulet)
Stlth   +            o - ring of protection from fire
HPRegen 0.25/turn    (no ring)
MPRegen 0.10/turn

%: no passive effects
@: corroded, revving, stiff-legged, very slow
A: off-hand wielding, slow wielding, warmup strikes, warmup strides
a: no special abilities


You were on level 3 of the Dungeon.
You visited 1 branch of the dungeon, and saw 3 of its levels.

You collected 194 gold pieces.

Inventory:

Hand Weapons
 a - a +0 falchion (weapon) {Anan}
 n - a +0 short sword (worn) {Sanghe}
Missiles
 d - 7 darts of dispersal
 f - 21 stones (quivered)
 h - 3 atropa-tipped darts
 k - a throwing net
Armour
 b - a +0 leather armour (worn)
Jewellery
 l - a ring of fire
 o - a ring of protection from fire (left grasper)
Scrolls
 c - 2 scrolls of blinking
 e - 2 scrolls of summoning {unknown}
 g - a scroll of immolation {unknown}
 i - a scroll of revelation {unknown}
 m - 2 scrolls of identify {unknown}
Potions
 j - a potion of ambrosia {unknown}


   Skills:
 + Level 2.8 Fighting
 * Level 3.6 Long Blades
 - Level 0.8 Throwing
 - Level 0.8 Armour
 - Level 1.7 Dodging
 - Level 1.7 Spellcasting
 + Level 3.6 Translocations


You had 2 spell levels left.
You knew the following spells:

 Your Spells              Type           Power      Damage    Failure   Level
a - Blink                 Tloc           18%        N/A       12%         2
b - Lesser Beckoning      Tloc           18%        N/A       12%         2

Your spell library contained the following spells:

 Spells                   Type           Power      Damage    Failure   Level
 Teleport Other           Tloc           9%         N/A       24%         3
 Manifold Assault         Tloc           9%         N/A       63%         4
 Vhi's Electric Charge    Tloc/Air       10%        N/A       86%         4


Dungeon Overview and Level Annotations

Branches:
Dungeon (3/15)

Altars:

Shops:
D:3 *


Innate Abilities, Weirdness & Mutations

You can wield a second weapon in your off-hand.
It takes a long time for you to wield or remove held weapons.
Your first few attacks do less damage.
Your first movements take longer.


Message History

Okay, then.
Found Mumuboap's Assorted Antiques.
There is an entrance to Mumuboap's Assorted Antiques here.
A jelly comes into view.
The jelly quivers.
Casting: Lesser Beckoning (safe; 12% risk of failure)
Confirm with . or Enter, or press ? or * to list all spells.
Aiming: Lesser Beckoning (safe; 12% risk of failure)
Press: ? - help, Shift-Dir - straight line, f - jelly
Aim: a jelly (heavily wounded, 100% to hit)
Okay, then.
Throw: 23 stones
Press: ? - help, Q - select action, (/) - cycle Shift-Dir - straight line, f - jelly
Aim: a jelly (heavily wounded, 89% to hit)
You throw a stone. The stone hits the jelly.
The jelly is severely wounded.
Throw: 22 stones
Press: ? - help, Q - select action, (/) - cycle Shift-Dir - straight line, f/p - jelly
Aim: a jelly (severely wounded, 89% to hit)
You throw a stone. The stone hits the jelly.
The jelly is almost dead.
You hit the jelly with your +0 falchion.
The acid corrodes you!
Your graspers burn!
The jelly is almost dead.
You hit the jelly but do no damage.
Your graspers burn!
The jelly barely misses you.
You hit the jelly but do no damage.
Your graspers burn!
The jelly is almost dead.
You hit the jelly with your +0 short sword.
Your graspers burn!
The jelly hits you. The acid corrodes you!
You are splashed with acid!
You are too injured to fight recklessly!
You hit the jelly but do no damage.
Your graspers burn!
The jelly is almost dead.
You hit the jelly but do no damage.
Your graspers burn!
* * * LOW HITPOINT WARNING * * *
The jelly hits you.
* * * LOW HITPOINT WARNING * * *
The acid corrodes you!
You are splashed with acid!
You die...

......... .......
..... ... #.# #.#
#.#..# #J##.#
#@##.# #..#.#
##∩#.# #.#[#
#.#.# #.#<#
######.#.#####.#
................#
#######.#...#####


You could see a jelly.

Vanquished Creatures
  2 adders
  A dart slug (D:1)
  A ribbon worm (D:2)
  5 bats (D:1)
  3 endoplasms (D:1)
  2 giant cockroaches
  2 goblins (D:1)
  7 hobgoblins
  4 quokkas (D:1)
  3 ball pythons
  A frilled lizard (D:2)
  3 kobolds (D:1)
  6 rats
40 creatures vanquished.

Notes
Turn   | Place    | Note
-------+----------+-------------------------------------------
     0 | D:1      | Ceno the Coglin Warper began the quest for the Orb.
     0 | D:1      | Reached XP level 1. HP: 16/16 MP: 3/3
   131 | D:1      | Reached XP level 2. HP: 14/22 MP: 4/4
   167 | D:1      | Learned a level 2 spell: Blink
   170 | D:1      | Learned a level 2 spell: Lesser Beckoning
   291 | D:1      | Reached XP level 3. HP: 28/28 MP: 5/5
   659 | D:1      | You fall into a shaft and drop 1 floor!
  1070 | D:2      | Reached XP level 4. HP: 33/34 MP: 6/6
  1822 | D:3      | Found Mumuboap's Assorted Antiques.
  1841 | D:3      | Splashed by a jelly's acid

Illustrated notes

Levels and vault maps discovered:
D:1:      saegor_arrival_simple_c, layout_basic, minmay_pentomino_u4
D:2:      layout_basic
D:3:      layout_loops_ring, serial_shops, shop, lemuel_flame_loot_1,
          uniq_crazy_yiuf_cottage

Skill      XL: |  1  2  3 |
---------------+----------+-----
Long Blades    | 3 |  3.6
Fighting       | |  2.8
Throwing       | |  0.8
Armour         | |  0.8
Dodging        | |  1.7
Spellcasting   | |  1.7
Translocations | |  3.6

Action                     |  1- 3 |  4- 6 || total
---------------------------+-------+-------++-------
  Melee: Falchion          |    92 |    39 ||   131
         Short sword       |       |    12 ||    12
  Throw: Stone             |       |     2 ||     2
   Cast: Lesser Beckoning  |     2 |     3 ||     5
   Stab: Sleeping          |       |     1 ||     1
 Armour: Leather armour    |    60 |    33 ||    93
  Dodge: Dodged            |    52 |    35 ||    87

Table legend: (Time is in decaauts)
 A = Elapsed time spent in this place.
 B = Non-inter-level travel time spent in this place.
 C = Inter-level travel time spent in this place.
 D = Time resting spent in this place.
 E = Time spent auto-exploring this place.
 F = Levels seen in this place.
 G = Mean time per level.
                   A        B        C        D        E       F      G
               +--------+--------+--------+--------+--------+-----+--------+
         Total |   1961 |   1776 |    185 |    138 |   1029 |   3 |  653.7 |
       Dungeon |   1961 |   1776 |    185 |    138 |   1029 |   3 |  653.7 |
               +--------+--------+--------+--------+--------+-----+--------+

Top non-repeatable levels by time:
     D:1: 1157 daAuts
     D:2: 774 daAuts
     D:3: 28 daAuts
